 Dungeon Crawl Stone Soup version 0.17-a0-1748-g222fba8 (webtiles) character file.

554 shakdrar the Covert (level 7, -6/41 HPs)
             Began as a Kobold Assassin on Sept 1, 2015.
             Was an Initiate of Ashenzari.
             Mangled by an ogre
             ... wielding a +0 giant club
              (16 damage)
             ... on level 5 of the Dungeon.
             The game lasted 00:21:40 (5603 turns).

shakdrar the Covert (Kobold Assassin)               Turns: 5603, Time: 00:21:40

Health: -6/41      AC:  6    Str: 10    XL:     7   Next: 55%
Magic:  7/7        EV: 17    Int:  9    God:    Ashenzari [......]
Gold:   244        SH:  0    Dex: 19    Spells: 0 memorised, 6 levels left

rFire  . . .     SeeInvis .     b - +0 blowgun
rCold  . . .     Clarity  .     c - +0 robe
rNeg   . . .     SustAt   .     (shield restricted)
rPois  .         Gourm    .     n - +2 helmet
rElec  .         Spirit   .     d - +0 cloak
rCorr  .         Warding  .     (no gloves)
rMut   .         Stasis   .     (no boots)
MR     .....                    (no amulet)
Stlth  +++++.....               (no ring)
                                (no ring)

@: not resistant to hostile enchantments, quite stealthy
A: carnivore 3
a: Renounce Religion


You were on level 5 of the Dungeon.
You worshipped Ashenzari.
Ashenzari was noncommittal.
You were full.

You visited 2 branches of the dungeon, and saw 6 of its levels.

You collected 244 gold pieces.

Inventory:

Hand weapons
 a - a +2 dagger
 b - a +0 blowgun (weapon)
Missiles
 e - 23 poisoned needles (quivered)
 f - 2 curare-tipped needles
Armour
 c - a +0 robe (worn)
 d - a +0 cloak (worn)
 n - a +2 helmet (worn)
Magical devices
 k - a wand of draining (7)
Scrolls
 i - 5 scrolls of identify
 m - a scroll of fear
Potions
 j - a potion of curing
 l - a potion of heal wounds
 o - a potion of magic
Comestibles
 g - 2 meat rations
 h - 4 beef jerkies


   Skills:
 + Level 3.1 Fighting
 + Level 3.9 Short Blades
 + Level 4.1 Throwing
 + Level 3.9 Dodging
 + Level 9.5 Stealth


You had 6 spell levels left.
You didn't know any spells.

Dungeon Overview and Level Annotations

Branches:
Dungeon (5/15)             Temple (1/1) D:5

Altars:
Ashenzari
Dithmenos
Elyvilon
Gozag
Kikubaaqudgha
Makhleb
Nemelex Xobeh
Okawaru
Ru
Sif Muna
Vehumet
Xom
Zin
The Shining One


Innate Abilities, Weirdness & Mutations

You are small and have problems with some larger weapons.
You are carnivorous and can eat meat at any time.


Message History

The centaur hits you.
Firing (i - inventory. (,) - cycle):
e - 25 poisoned needles (quivered)
Press: ? - help, Shift-Dir - straight line, f/p - centaur
Aim: a centaur You shoot a poisoned needle.
The poisoned needle hits the centaur!
The centaur is poisoned.
The centaur misses you.
The centaur wields an uncursed shortbow.
The centaur shoots an arrow.
The arrow hits you.
There is an escape hatch in the floor, spattered with blood here.
You see here 2 arrows.
The centaur shoots an arrow.
The arrow barely misses you.
The centaur shoots an arrow.
The arrow hits you!
* * * LOW HITPOINT WARNING * * *
You see here 2 arrows.
Firing (i - inventory. (,) - cycle):
e - 24 poisoned needles (quivered)
Press: ? - help, Shift-Dir - straight line, f/p - centaur
Aim: a centaur, wielding a shortbow (lightly wounded, poisoned)
You shoot a poisoned needle. The poisoned needle hits the ogre!
The ogre is poisoned.
The ogre hits you with a giant club!
You die...

#.......>.c# #..##.#.##########
......#.##........ #######
...#..........####
#.....##...#..#..#.##.#
#................####.#
.......#.#.#.#..c..##.# #######
#........#.#...#O#.##.# #.....#
#............###@#.##.# #.....#
#.##.#..##.## #.....)# #......
#..........# ##...### #.....#
########.### #...#######.....#
########.## #...##....†.##.#.
..........# #####...##.####.##...
......##..###...........###.##...
......^........(..<......##.##.##
............#....................


You could see an ogre and a centaur.

Vanquished Creatures
  Edmund (D:4)
  An ogre (D:5)
  A crimson imp (D:5)
  A hound (D:5)
  A giant frog zombie (D:5)
  A worker ant (D:5)
  Robin (D:2)
  4 adders
  4 gnolls (D:5)
  An ooze (D:4)
  An adder skeleton (D:5)
  6 worms
  4 giant geckos
  6 orcs
  3 ball pythons
  7 bats
  5 giant cockroaches
  16 goblins
  7 hobgoblins
  9 jackals
  9 kobolds
  4 quokkas (D:3)
  4 giant newts
  12 rats
109 creatures vanquished.

Notes
Turn   | Place    | Note
--------------------------------------------------------------
     0 | D:1      | shakdrar the Kobold Assassin began the quest for the Orb.
     0 | D:1      | Reached XP level 1. HP: 12/12 MP: 1/1
   346 | D:1      | Reached XP level 2. HP: 4/17 MP: 2/2
   960 | D:1      | Reached skill level 6 in Stealth
  1146 | D:1      | Reached XP level 3. HP: 19/21 MP: 3/3
  1772 | D:2      | Reached XP level 4. HP: 26/26 MP: 4/4
  2084 | D:2      | Noticed Robin
  2136 | D:2      | Killed Robin
  2136 | D:2      | Reached skill level 7 in Stealth
  2524 | D:2      | Found a faded altar to an unknown god.
  2667 | D:2      | Reached XP level 5. HP: 31/31 MP: 5/5
  2849 | D:3      | Found a deep blue altar of Sif Muna.
  4108 | D:4      | Found a shadowy altar of Dithmenos.
  4147 | D:4      | Noticed Edmund
  4177 | D:4      | Killed Edmund
  4177 | D:4      | Reached skill level 8 in Stealth
  4177 | D:4      | Reached XP level 6. HP: 22/36 MP: 6/6
  4463 | D:5      | Entered Level 5 of the Dungeon
  4760 | D:5      | Reached skill level 9 in Stealth
  4760 | D:5      | Reached XP level 7. HP: 40/40 MP: 7/7
  5129 | D:5      | Found a staircase to the Ecumenical Temple.
  5150 | Temple   | Entered the Ecumenical Temple
  5250 | Temple   | Became a worshipper of Ashenzari the Shackled
  5603 | D:5      | Mangled by an ogre

Vault maps used:
D:1:      sevenhm_arrival_forest_fort_large_3
D:2:      ecumenical_altar_1, kennysheep_boxes, uniq_robin
D:3:      overflow_temple_1_default, first_bread, minmay_misc_feat_tower
D:4:      nicolae_dithmenos_the_darkroom, cheibriados_altar_wand_db,
          kennysheep_generic_room_5, uniq_edmund
D:5:      minmay_temple_entry_glassed_door, minmay_misc_feat_diagonals
Temple:   circular_temple_12

Action                   |  1- 3 |  4- 6 |  7- 9 || total
-------------------------+-------+-------+-------++-------
Melee: Dagger            |    70 |   233 |    63 ||   366
 Fire: Blowgun           |     6 |    32 |     7 ||    45
  Use: Scroll            |     3 |     6 |       ||     9
       Potion            |     2 |     1 |     1 ||     4
 Stab: Sleeping          |    10 |    20 |       ||    30
       Distracted        |       |     2 |       ||     2
  Eat: Chunk             |     2 |    11 |     7 ||    20
